 Dungeon Sprint DCSS version 0.26.1-11-gd32895ea62 (webtiles) character file.

Game seed: 12018843740653581145

491 Groucho the Unseen (level 6, -1/28 HPs)
             Began as a Spriggan Enchanter on June 21, 2021.
             Slain by a neqoxec (7 damage)
             ... in the Dungeon (Sprint II: "The Violet Keep of Menkaure").
             The game lasted 00:01:39 (180 turns).

Groucho the Unseen (Spriggan Enchanter)              Turns: 180, Time: 00:01:40

Health: -1/28      AC:  2    Str:  6    XL:     6   Next: 91%
Magic:  5/19       EV: 18    Int: 16    God:
Gold:   243        SH:  0    Dex: 17    Spells: 17/23 levels left

rFire    . . .     SeeInvis +   a - +1 dagger
rCold    . . .     Faith    .   (shield restricted)
rNeg     . . .     Spirit   .   b - +0 robe
rPois    .         Reflect  .   (helmet restricted)
rElec    .         Harm     .   (no cloak)
rCorr    .         Rampage  .   (gloves unavailable)
Will     +....     NoTele   +   (boots unavailable)
Stlth    ++++++....             (no amulet)
HPRegen  0.09/turn              (no ring)
MPRegen  0.16/turn              (no ring)

@: confusing touch, very quick
A: very small, unfitting armour, see invisible, speed 3
a: no special abilities


You were in the Dungeon.
You visited 1 branch You collected 243 gold pieces.

Inventory:

Hand Weapons
 a - a +1 dagger (weapon)
Armour
 b - a +0 robe (worn)
Scrolls
 i - a scroll of blinking
Potions
 f - a potion of haste
 g - 2 potions of magic


   Skills:
 - Level 1.1 Short Blades
 - Level 3.0 Dodging
 * Level 15.7 Stealth
 + Level 9.3 Spellcasting
 + Level 9.6 Hexes


You had 17 spell levels left.
You knew the following spells:

 Your Spells              Type           Power        Failure   Level
a - Corona                Hex            42%          1%          1
b - Ensorcelled Hibernat  Hex/Ice        44%          1%          2
c - Confusing Touch       Hex            38%          1%          3

Your spell library contained the following spells:

 Spells                   Type           Power        Failure   Level
 Tukima's Dance           Hex            38%          1%          3
 Dazzling Flash           Conj/Hex       44%          4%          3


Dungeon Overview and Level Annotations

Branches:
Dungeon (1/1)

Altars:


Innate Abilities, Weirdness & Mutations

You are very small and have problems with some larger weapons.
You are too small for most types of armour.
You have supernaturally acute eyesight. (SInv)
You cover ground extremely quickly.


Message History

There is an open door here.
You now have 243 gold pieces.
You close the door.
There is an open door here.
You start resting.
Your hands stop glowing.
You start resting.
A neqoxec comes into view.
A neqoxec is nearby!
A neqoxec is nearby!
A neqoxec is nearby!
Casting: Confusing Touch (safe; 1% risk of failure)
Confirm with . or Enter, or press ? or * to list all spells.
Your hands begin to glow red.
The neqoxec shouts!
You are too injured to fight recklessly!
You are too injured to fight recklessly!
You are too injured to fight recklessly!
You hit the neqoxec but do no damage. The neqoxec hits you!
You die...

## ## ##≈ .##
.m#.. ## .$. ##
##
#.###+###.##..#
#.##.##.3.#..#
##'.<.'@##+..#
###.##...#
#+###.## ###


You could see a neqoxec.

Vanquished Creatures
  A neqoxec (D)
  Menkaure (D)
  4 necrophages (D)
6 creatures vanquished.

Vanquished Creatures (others)
  A water moccasin (D)
1 creature vanquished.

Grand Total: 7 creatures vanquished

Notes
Turn   | Place    | Note
-------+----------+-------------------------------------------
     0 | D        | Groucho the Spriggan Enchanter began the quest for the Orb.
     0 | D        | Reached XP level 1. HP: 9/9 MP: 5/5
     1 | D        | Noticed a neqoxec
     7 | D        | Killed a neqoxec
     8 | D        | Reached skill level 11 in Stealth
     8 | D        | Reached XP level 2. HP: 3/13 MP: 6/10
     8 | D        | Reached XP level 3. HP: 4/16 MP: 6/11
     8 | D        | Reached XP level 4. HP: 5/21 MP: 7/13
    56 | D        | Killed a water moccasin
    89 | D        | Noticed Menkaure
    96 | D        | Learned a level 2 spell: Ensorcelled Hibernation
   100 | D        | Learned a level 3 spell: Confusing Touch
   100 | D        | Noticed a necrophage
   101 | D        | Noticed a necrophage
   103 | D        | Noticed a merfolk siren
   103 | D        | Noticed a necrophage
   103 | D        | Noticed a necrophage
   114 | D        | Killed a necrophage
   115 | D        | Reached skill level 12 in Stealth
   115 | D        | Reached XP level 5. HP: 24/24 MP: 11/15
   121 | D        | Killed a necrophage
   122 | D        | Reached skill level 13 in Stealth
   132 | D        | Killed a necrophage
   133 | D        | Reached skill level 14 in Stealth
   133 | D        | Reached XP level 6. HP: 9/28 MP: 7/18
   140 | D        | Killed Menkaure
   141 | D        | Reached skill level 15 in Stealth
   177 | D        | Noticed a neqoxec
   180 | D        | Slain by a neqoxec

Illustrated notes

Levels and vault maps discovered:
D:        the_violet_keep_of_menkaure [sprint2_stairs_cluster_1,
          sprint2_shoproom, sprint2_temple, sprint2_basic_supplies,
          sprint2_obstacle_6, sprint2_obstacle_4, sprint2_obstacle_7,
          sprint2_obstacle_1, sprint2_obstacle_2, sprint2_timed_cluster_1,
          sprint2_smallroom_cluster_1, sprint2_smallroom_final_cluster_1,
          sprint2_transparent_cluster_1, sprint2_second_timed_cluster_1,
          sprint2_sniper_area_1, sprint2_heavy_combat_area_1,
          sprint2_mutation_trap_area_1, sprint2_forest_area_1,
          sprint2_light_combat_area_1, sprint2_behind_water_1,
          sprint2_near_end_vault_1]

Skill      XL: |  1  2  3  4  5  6 |
---------------+-------------------+-----
Stealth        | 11 12 14 15 | 15.7
Spellcasting   | 6 7 8 9 |  9.3
Hexes          | 6 7 8 9 |  9.6
Short Blades   | |  1.1
Dodging        | |  3.0

Action                   |  1- 3 |  4- 6 || total
-------------------------+-------+-------++-------
Melee: Dagger            |     3 |    27 ||    30
 Cast: Confusing Touch   |       |     6 ||     6
  Use: Potion            |     1 |     2 ||     3
 Stab: Sleeping          |     1 |       ||     1
       Confused          |       |     4 ||     4
Dodge: Dodged            |     1 |    13 ||    14
